AoeStats
← frodriguezanyul

MegaRandom

505583976Analyzed
3v3 RM · 21d ago on Sep 10, 2026· 79m 25s· 6 players
Game mode
Random Map
Map size
Normal (6 player)
Population
200
Speed
Normal
Resources
Standard
Victory
Conquest
Starting age
Dark Age
Ending age
Imperial Age
RankedLock teamsTeams togetherTeam positionsShared explorationLock speedFull tech treeHidden civsTurbo modeCheats
Victory
Defeat
🇺🇾 Burmese · Uruguay
949
+9
🇺🇾 Armenians · Uruguay
921
+10
🇺🇾 Romans · Uruguay
799
+16
🇨🇦 Poles · Canada
800
-12
🇨🇦 Turks · Canada
796
-12
🇨🇦 Japanese · Canada
771
-11
McCleaveDynasty
1:00 Loom
10:47 Feudal Age
11:30 Horse Collar
11:39 Double-Bit Axe
15:18 Stone Mining
20:53 Castle Age
18:52 Gold Mining
19:42 Forging
21:59 Bow Saw
22:54 Wheelbarrow
22:34 Fishing Lines
23:07 Town Watch
24:05 Gold Shaft Mining
25:57 Heavy Plow
30:41 Gillnets
33:05 Hand Cart
37:01 Imperial Age
35:43 Fletching
37:21 Caravan
38:24 Conscription
38:37 Heavy Camel Rider
40:02 Bloodlines
40:10 Scale Barding Armor
43:13 Husbandry
44:06 Iron Casting
46:38 Two-Man Saw
47:24 Fervor
47:34 Sanctity
48:34 Blast Furnace
49:09 Bodkin Arrow
51:16 Chain Barding Armor
52:39 Hoardings
53:41 Plate Barding Armor
53:07 Bracer
53:28 Murder Holes
53:14 Treadmill Crane
53:55 Ballistics
54:54 Scale Mail Armor
54:48 Heated Shot
55:04 Padded Archer Armor
55:19 Artillery
56:13 Fortified Wall
59:11 Elite Janissary
64:31 Guilds
64:45 Masonry
64:36 Cavalier
65:32 Heavy Cavalry Archer
66:45 Thumb Ring
68:00 Leather Archer Armor
70:08 Architecture
70:01 Chain Mail Armor
74:26 Coinage
bankia7
1:48 Loom
15:11 Feudal Age
15:21 Man-at-Arms
20:12 Double-Bit Axe
36:26 Castle Age
36:22 Horse Collar
36:40 Arson
37:45 Long Swordsman
38:27 Squires
38:13 Gambesons
39:13 Gold Mining
39:15 Stone Mining
39:33 Heavy Plow
41:04 Bow Saw
46:29 Wheelbarrow
48:37 Fishing Lines
51:15 Gold Shaft Mining
50:46 Yasama
53:01 Hand Cart
53:07 Scale Mail Armor
53:08 Padded Archer Armor
52:59 Fletching
59:12 Imperial Age
59:09 Chain Mail Armor
59:10 Leather Archer Armor
59:17 Elite Samurai
60:18 Conscription
60:03 Capped Ram
60:54 Bodkin Arrow
64:20 Pikeman
65:17 Forging
65:13 Scale Barding Armor
72:01 Husbandry
75:53 Plate Mail Armor
Commander Davis
4:10 Loom
13:34 Feudal Age
21:12 Gold Mining
21:11 Double-Bit Axe
21:10 Horse Collar
24:22 Castle Age
24:46 Crossbowman
25:31 Thumb Ring
25:40 Bow Saw
27:16 Wheelbarrow
26:51 Fletching
28:39 Hand Cart
30:25 Bodkin Arrow
38:26 Szlachta Privileges
40:01 Husbandry
40:12 Bloodlines
44:13 Imperial Age
43:14 Elite Skirmisher
46:19 Bracer
46:19 Padded Archer Armor
46:30 Forging
46:26 Scale Barding Armor
45:45 Cavalier
46:23 Town Watch
48:26 Leather Archer Armor
49:06 Caravan
49:05 Light Cavalry
50:12 Lechitic Legacy
50:14 Winged Hussar
55:32 Arbalester
56:40 Conscription
frodriguezanyul
9:44 Loom
11:50 Feudal Age
14:02 Wheelbarrow
13:52 Double-Bit Axe
14:12 Stone Mining
14:36 Man-at-Arms
23:35 Castle Age
21:21 Town Watch
21:53 Forging
21:43 Scale Mail Armor
22:02 Gold Mining
22:06 Horse Collar
23:43 Long Swordsman
24:24 Squires
23:45 Pikeman
25:08 Chain Mail Armor
26:49 Hand Cart
26:35 Town Patrol
27:21 Gold Shaft Mining
27:16 Bow Saw
30:13 Iron Casting
30:08 Heavy Plow
35:01 Ballistas
47:08 Imperial Age
45:41 Scale Barding Armor
49:14 Heavy Scorpion
51:06 Chemistry
50:27 Ballistics
50:04 Murder Holes
49:37 Legionary
49:42 Halberdier
52:21 Elite Centurion
53:31 Comitatenses
53:39 Conscription
Filho da Polka
7:12 Loom
9:28 Feudal Age
12:53 Man-at-Arms
17:03 Town Watch
17:20 Scale Mail Armor
17:30 Forging
17:34 Gold Mining
19:09 Wheelbarrow
19:37 Arson
19:36 Horse Collar
24:37 Castle Age
29:40 Hand Cart
29:26 Town Patrol
31:37 Stone Mining
33:49 Bloodlines
33:43 Husbandry
33:49 Padded Archer Armor
34:30 Town Patrol
39:15 Imperial Age
39:22 Elite Arambai
40:22 Conscription
40:29 Block Printing
40:25 Fervor
40:36 Sanctity
40:27 Redemption
40:43 Illumination
40:55 Theocracy
43:47 Light Cavalry
45:42 Iron Casting
45:12 Scale Barding Armor
46:08 Hussar
50:34 Manipur Cavalry
52:11 Caravan
52:16 Long Swordsman
52:41 Gambesons
52:56 Squires
53:13 Chain Mail Armor
53:58 Blast Furnace
54:04 Blast Furnace
55:37 Two-Handed Swordsman
57:06 Champion
58:11 Chain Mail Armor
58:16 Chain Barding Armor
64:55 Pikeman
71:12 Elite Battle Elephant
74:36 Howdah
75:11 Plate Mail Armor
75:16 Plate Barding Armor
R E P T I L E
10:57 Feudal Age
11:29 Loom
11:47 Man-at-Arms
12:44 Long Swordsman
13:45 Scale Mail Armor
14:55 Arson
15:45 Horse Collar
19:03 Double-Bit Axe
19:44 Forging
23:21 Wheelbarrow
25:54 Castle Age
24:36 Fletching
25:54 Gold Mining
26:40 Elite Skirmisher
27:31 Padded Archer Armor
27:37 Squires
27:01 Two-Handed Swordsman
28:00 Chain Mail Armor
29:02 Bodkin Arrow
29:44 Fervor
30:44 Wheelbarrow
31:14 Heavy Plow
32:11 Gambesons
31:51 Pikeman
32:45 Town Watch
35:51 Ballistics
37:05 Sanctity
37:25 Iron Casting
42:40 Imperial Age
40:26 Hand Cart
40:13 Town Patrol
40:20 Herbal Medicine
43:35 Fereters
44:05 Conscription
43:23 Onager
45:13 Chemistry
44:24 Masonry
44:31 Halberdier
45:42 Plate Mail Armor
46:04 Caravan
47:12 Bow Saw
48:59 Conscription
48:45 Fereters
50:48 Hoardings
49:42 Champion
53:03 Onager
55:47 Blast Furnace
56:27 Bracer
64:48 Capped Ram
71:36 Siege Ram
Connection lost

Rejoining the realm…

Still unreachable

The connection could not be restored.

Session expired

The server has moved on; the page needs a fresh start.